 Dungeon Crawl Stone Soup version 0.30-a0-719-gcc4359ea44 (webtiles) character file.

Game seed: 10918403815122381542

2499 Mitcholas the Skirmisher (level 9, -1/68 HPs)
             Began as a Red Draconian Hunter on Jan 26, 2023.
             Was an Initiate of Okawaru.
             Slain by a quasit (2 damage)
             ... on level 6 of the Dungeon.
             The game lasted 00:12:39 (5539 turns).

Mitcholas the Skirmisher (Red Draconian Hunter)     Turns: 5539, Time: 00:12:40

Health: -1/68      AC: 10    Str: 13    XL:     9   Next: 28%
Magic:  0/9        EV:  2    Int: 11    God:    Okawaru [......]
Gold:   283        SH:  0    Dex: -9 (24) Spells: 8/8 levels left

rFire   + . .      SeeInvis .    a - +0 shortbow
rCold   . . .      Faith    .    (shield currently unavailable)
rNeg    . . .      Spirit   +    (body armour unavailable)
rPois   +          Reflect  .    (helmet restricted)
rElec   .          Harm     .    t - +0 cloak
rCorr   .          Rampage  .    j - +1 pair of gloves
Will    .....                    (no boots) Stlth
                                 l - amulet of guardian spirit
HPRegen 0.31/turn                g - +6 ring of dexterity
MPRegen 0.11/turn                r - ring of poison resistance

@: slowed, lost dexterity, very slow
A: breathe fire, AC +7, unfitting armour, fire resistance 1, cold-blooded
a: Breathe Fire, Renounce Religion


You were on level 6 of the Dungeon.
You worshipped Okawaru.
Okawaru was noncommittal.
You visited 2 branches of the dungeon, and saw 7 of its levels.

You collected 283 gold pieces.

Inventory:

Hand Weapons
 a - a +0 shortbow (weapon)
Armour
 j - a +1 pair of gloves (worn)
 t - a +0 cloak (worn)
Jewellery
 g - a +6 ring of dexterity (left hand)
 l - an amulet of guardian spirit (around neck)
 r - a ring of poison resistance (right hand)
Wands
 n - a wand of paralysis (18)
Scrolls
 b - a scroll of immolation
 c - 6 scrolls of identify {unknown}
 d - 2 scrolls of poison {unknown}
 f - 9 scrolls of teleportation {unknown}
 h - 2 scrolls of fear {unknown}
 i - a scroll of magic mapping {unknown}
 o - 2 scrolls of amnesia {unknown}
 u - a scroll of brand weapon {unknown}
 x - a scroll of noise {unknown}
Potions
 e - 3 potions of flight {unknown}
 k - a potion of might {unknown}
 m - 4 potions of heal wounds {unknown}
 p - a potion of lignification {unknown}
 q - 2 potions of curing {unknown}
 s - a potion of invisibility {unknown}
 v - 2 potions of degeneration {unknown}
 w - a potion of brilliance {unknown}
 z - a potion of haste {unknown}
 A - a potion of mutation {unknown}
 B - a potion of cancellation {unknown}


   Skills:
 - Level 2.5 Fighting
 + Level 11.9 Ranged Weapons
 - Level 2.0 Dodging
 - Level 1.3 Stealth


You had 8 spell levels left.
You didn't know any spells.
Your spell library contained the following spells:

 Spells                   Type           Power      Damage    Failure   Level
 Kiss of Death            Conj/Necr      0%         2d5       34%         1
 Magic Dart               Conj           0%         1d3       34%         1
 Searing Ray              Conj           0%         2d4       47%         2
 Static Discharge         Conj/Air       0%         2-2/arc   47%         2
 Confusing Touch          Hex            0%         N/A       71%         3
 Vhi's Electric Charge    Tloc/Air       0%         N/A       71%         3
 Dispel Undead            Necr           0%         3d6       98%         4
 Fulminant Prism          Conj/Hex       0%         3d5       98%         4
 Arcjolt                  Conj/Air       0%         1d10      100%        5
 Lightning Bolt           Conj/Air       0%         1d11      100%        5


Dungeon Overview and Level Annotations

Branches:
Dungeon (6/15)             Temple (1/1) D:5

Altars:
Ashenzari
Cheibriados
Dithmenos
Elyvilon
Fedhas
Gozag
Kikubaaqudgha
Nemelex Xobeh
Okawaru
Qazlal
Ru
Sif Muna
Trog
Uskayaw
Vehumet
Wu Jian
Xom
Yredelemnul
The Shining One

Annotations:
D:6 1 transporter


Innate Abilities, Weirdness & Mutations

You can breathe blasts of fire.
Your fiery red scales are hard. (AC +7)
You cannot fit into any form of body armour.
Your flesh is heat resistant. (rF+)
You are cold-blooded and may be slowed by cold attacks.


Message History

* * * LOW HITPOINT WARNING * * *
You feel clumsy. The quasit claws you.
You feel clumsy. The quasit claws you.
* * * LOW HITPOINT WARNING * * *
Fire: a) +0 shortbow
Press: ? - help, Q - select action, (/) - cycle Shift-Dir - straight line, f/p - quasit
Aim: a quasit (severely wounded, 27% to hit)
You shoot an arrow.
The arrow hits the quasit but does no damage.
The quasit is severely wounded.
The quasit bites you but does no damage.
The quasit claws you but does no damage.
The quasit claws you.
* * * LOW HITPOINT WARNING * * *
You feel clumsy.
The quasit bites you but does no damage.
The quasit claws you but does no damage. x2
The quasit bites you but does no damage.
The quasit claws you but does no damage.
The quasit claws you.
* * * LOW HITPOINT WARNING * * *
Fire: a) +0 shortbow
Press: ? - help, Q - select action, (/) - cycle Shift-Dir - straight line, f/p - quasit
Aim: a quasit (severely wounded, 27% to hit)
You shoot an arrow. The arrow barely misses the quasit.
The quasit bites you.
* * * LOW HITPOINT WARNING * * *
The quasit claws you.
* * * LOW HITPOINT WARNING * * *
You feel clumsy.
The quasit claws you but does no damage.
The quasit bites you but does no damage.
The quasit claws you but does no damage.
The quasit claws you.
* * * LOW HITPOINT WARNING * * *
The quasit bites you but does no damage.
The quasit claws you.
You die...

.....##...###.)..#####....#######
......)........###...###...#
............<.##.......#...#
####'##.......#..#.#...#[..#
.....##...##..#..#.#...#...#
.....##...##..##.....#.##..#
......#...#....#[.#...#.#..#
......#...#...©#55.©#...#..#
......#...##...#@#.....##.#######
......#...##..##.#W..#.#©..#.##..
......#....#..#..#.##..##........
......#....#..#.#...#.!©#........
.....##....#..##..#....##........
#######...##...#......##.....####
..........##...##.#####..#...####
...........#....###.............#
...........#....................#


You could see 2 quasits.

Vanquished Creatures
  Eustachio (D:4)
  A steam dragon (D:6)
  A water moccasin (D:6)
  An ice beast (D:6)
  A black bear (D:4)
  2 ogres
  3 centaurs
  2 phantoms (D:6)
  A kobold brigand (D:4)
  A gnoll sergeant (D:5)
  A scorpion (D:6)
  A necrophage (D:4)
  4 quasits (D:6)
  A hound (D:5)
  5 orc priests
  Crazy Yiuf (D:3)
  2 jellies
  Jessica (D:3)
  10 orc wizards
  Natasha (thrice) (D:3)
  2 iguanas (D:6)
  10 gnolls
  11 adders
  A worm (D:3)
  The ghost of drugrobin the Sneak, a weakling DgDe (D:6)
  3 dart slugs
  31 orcs
  3 endoplasms
  3 giant cockroaches
  10 hobgoblins
  2 jackals (D:5)
  8 ball pythons
  2 bats
  12 frilled lizards
  10 goblins
  23 kobolds
  2 rats (D:2)
177 creatures vanquished.

Vanquished Creatures (others)
  2 gnolls (D:6)
  50 plants
52 creatures vanquished.

Grand Total: 229 creatures vanquished

Notes
Turn   | Place    | Note
-------+----------+-------------------------------------------
     0 | D:1      | Mitcholas the Draconian Hunter began the quest for the Orb.
     0 | D:1      | Reached XP level 1. HP: 17/17 MP: 1/1
   324 | D:1      | Reached skill level 1 in Stealth
   530 | D:1      | Reached XP level 2. HP: 25/25 MP: 2/2
   760 | D:2      | Reached skill level 4 in Ranged Weapons
   773 | D:2      | Reached XP level 3. HP: 30/30 MP: 3/3
  1263 | D:2      | Reached XP level 4. HP: 37/37 MP: 4/4
  1638 | D:3      | Reached skill level 5 in Ranged Weapons
  1726 | D:3      | Found a shadowy altar of Dithmenos.
  1727 | D:3      | Found a basalt altar of Yredelemnul.
  1730 | D:3      | Found a shimmering blue altar of Sif Muna.
  1830 | D:3      | Found a snail-covered altar of Cheibriados.
  1830 | D:3      | Found a glowing golden altar of the Shining One.
  1850 | D:3      | You fall into a shaft and drop 2 floors!
  1850 | D:5      | Entered Level 5 of the Dungeon
  1863 | D:5      | Noticed an ogre
  1876 | D:5      | Killed an ogre
  1877 | D:5      | Reached skill level 6 in Ranged Weapons
  1877 | D:5      | Reached XP level 5. HP: 25/42 MP: 5/5
  1980 | D:4      | Noticed an ogre
  1986 | D:4      | Killed an ogre
  1987 | D:4      | Reached XP level 6. HP: 23/50 MP: 6/6
  2365 | D:3      | Found a runed translucent door.
  2366 | D:3      | Noticed Crazy Yiuf
  2381 | D:3      | Killed Crazy Yiuf
  2382 | D:3      | Reached skill level 7 in Ranged Weapons
  2505 | D:3      | Noticed Jessica
  2512 | D:3      | Killed Jessica
  2520 | D:3      | Noticed Natasha
  2526 | D:3      | Killed Natasha
  2591 | D:3      | Noticed Natasha
  2597 | D:3      | Killed Natasha
  2598 | D:3      | Your scales start taking on a fiery red colour.
  2598 | D:3      | Reached XP level 7. HP: 51/56 MP: 5/7
  2598 | D:3      | Gained mutation: Your flesh is heat resistant. (rF+) [Red
                  | Draconian growth]
  2726 | D:3      | Found a snail-covered altar of Cheibriados.
  2731 | D:3      | Found a glowing golden altar of the Shining One.
  2734 | D:3      | Noticed Natasha
  2742 | D:3      | Killed Natasha
  2806 | D:4      | Found an opulent altar of Gozag.
  2896 | D:4      | Reached skill level 8 in Ranged Weapons
  2974 | D:4      | Noticed Eustachio
  2988 | D:4      | Killed Eustachio
  3337 | D:4      | Reached skill level 9 in Ranged Weapons
  3439 | D:5      | Reached XP level 8. HP: 49/62 MP: 6/8
  3507 | D:5      | Found a staircase to the Ecumenical Temple.
  3539 | Temple   | Entered the Ecumenical Temple
  4100 | D:5      | Reached skill level 10 in Ranged Weapons
  4345 | D:6      | Found a transporter.
  4628 | D:6      | Found a shimmering altar of Xom.
  4629 | D:6      | Found a shimmering altar of Xom.
  4629 | D:6      | Found a shimmering altar of Xom.
  4632 | D:6      | Found a shimmering altar of Xom.
  4755 | D:6      | Reached skill level 11 in Ranged Weapons
  4912 | D:6      | Found a shimmering altar of Xom.
  4940 | D:6      | Found a transporter.
  4940 | D:6      | Noticed drugrobin's ghost (weakling DgDe)
  5080 | D:6      | Reached XP level 9. HP: 64/68 MP: 7/9
  5401 | D:6      | Found an iron altar of Okawaru.
  5409 | D:6      | Became a worshipper of Warmaster Okawaru
  5486 | D:6      | Killed drugrobin's ghost
  5528 | D:6      | Lost dexterity.
  5539 | D:6      | HP: 3/68 [quasit (3)]
  5539 | D:6      | HP: 1/68 [quasit (1)]
  5539 | D:6      | Slain by a quasit

Illustrated notes

Levels and vault maps discovered:
D:1:      onia_arrival_mini_spirals, layout_loops_ring, st_stairs_6
D:2:      minmay_evil_eye, layout_loops_corners
D:3:      layout_basic, cheibriados_altar_1, mainiacjoe_overflow_tiny_flanked,
          grunt_temple_overflow_open, corexii_leaking_fountain,
          minmay_lizard_king, uniq_natasha, uniq_crazy_yiuf_cottage,
          uniq_jessica
D:4:      kennysheep_kobold_camp, layout_rooms, mainiacjoe_overflow_alcove_2,
          hangedman_glass_teeth, uniq_eustachio
D:5:      layout_basic, minmay_temple_entry_wispy
D:6:      layout_gridville, okawaru_altar_gauntlet_db, xom_redecorated,
          gammafunk_ghost_stat_death, grunt_ministairs_4, minmay_between
Temple:   nicolae_temple_ecumenical_triangle

Skill      XL: |  1  2  3  4  5  6  7  8 |
---------------+-------------------------+-----
Stealth        | 1 |  1.3
Dodging        | 2 |  2.0
Ranged Weapons | 4 6 7 9 11 | 11.9
Fighting       | |  2.5

Action                     |  1- 3 |  4- 6 |  7- 9 || total
---------------------------+-------+-------+-------++-------
  Melee: Shortbow          |       |       |     4 ||     4
   Fire: Shortbow          |    65 |   148 |   413 ||   626
Ability: Breathe Fire      |       |       |    11 ||    11
  Evoke: Wand              |       |     6 |     1 ||     7
 Armour: Skin              |    12 |    27 |   441 ||   480
  Dodge: Dodged            |    31 |    58 |   448 ||   537

Table legend: (Time is in decaauts)
 A = Elapsed time spent in this place.
 B = Non-inter-level travel time spent in this place.
 C = Inter-level travel time spent in this place.
 D = Time resting spent in this place.
 E = Time spent auto-exploring this place.
 F = Levels seen in this place.
 G = Mean time per level.
                   A        B        C        D        E       F      G
               +--------+--------+--------+--------+--------+-----+--------+
         Total |   5597 |   5383 |    214 |     76 |   4200 |   7 |  799.6 |
       Dungeon |   5542 |   5341 |    201 |     76 |   4166 |   6 |  923.7 |
        Temple |     54 |     41 |     13 |      0 |     34 |   1 |   54.0 |
               +--------+--------+--------+--------+--------+-----+--------+

Top non-repeatable levels by time:
     D:6: 1146 daAuts
     D:5: 1030 daAuts
     D:2: 891 daAuts
     D:3: 889 daAuts
     D:4: 829 daAuts
     D:1: 754 daAuts
  Temple: 54 daAuts
